Map: Overgrowth LE (Void)

Players

Fropez

  • Race: Protoss Protoss
  • League: Gold
  • Spawn Location: 7:00

trav - Winner!

  • Race: Terran Terran
  • League: Gold
  • Spawn Location: 1:00

VOD

Have the link to the VOD?

Description

Time

  • Played on: Jan. 23, 2017, 9:11 p.m.
  • Length: 16:17
Show
View Real Time Build Order
Export as new Build Order

Fropez Protoss 

Build Orders: 1 Gate Expand 

Get SALT Encoding   

  12  0:01  Probe (Chrono Boost)  
  13  0:11  Probe (Chrono Boost)  
  14  0:20  Pylon  
  14  0:23  Probe (Chrono Boost)  
  15  0:39  Gateway  
  15  0:41  Probe (Chrono Boost)  
  16  0:52  Probe (Chrono Boost)  
  16  0:55  Assimilator  
  17  1:02  Probe (Chrono Boost)  
  19  1:18  Probe (Chrono Boost)  
  19  1:24  Assimilator  
  19  1:29  Probe (Chrono Boost)  
  20  1:38  Nexus  
  20  1:42  Cybernetics Core  
  20  1:45  Probe (Chrono Boost)  
  21  1:53  Pylon  
  20  2:01  Probe (Chrono Boost)  
  21  2:08  Gateway  
  21  2:14  Pylon, Probe (Chrono Boost)  
  21  2:15  Warp Gate  
  22  2:27  Probe (Chrono Boost)  
  22  2:29  Adept  
  23  2:36  Pylon  
  25  2:39  Probe (Chrono Boost)  
  26  2:51  Probe (Chrono Boost), Mothership Core (Chrono Boost)  
  29  2:58  Pylon  
  29  3:03  Adept, Probe (Chrono Boost)  
  30  3:07  Adept  
  30  3:10  Probe (Chrono Boost)  
  35  3:16  Twilight Council  
  35  3:19  Probe (Chrono Boost)  
  36  3:22  Probe (Chrono Boost)  
  36  3:26  Assimilator  
  37  3:31  Probe (Chrono Boost)  
  38  3:39  Pylon  
  38  3:43  Robotics Facility  
  38  3:50  Probe (Chrono Boost)  
  38  3:51  Probe (Chrono Boost)  
  38  4:08  Probe x2 (Chrono Boost)  
  38  4:09  Resonating Glaives  
  40  4:16  Assimilator, Gateway  
  40  4:23  Probe x2 (Chrono Boost)  
  42  4:28  Adept x2  
  46  4:52  Warp Prism  
  48  4:53  Probe x2 (Chrono Boost)  
  46  5:05  Probe x2 (Chrono Boost)  
  48  5:08  Pylon  
  48  5:10  Adept x2, Pylon  
  52  5:17  Probe x2 (Chrono Boost)  
  54  5:22  Adept  
  56  5:32  Adept x2  
  62  5:36  Probe x2 (Chrono Boost)  
  60  5:50  Adept  
  66  6:05  Pylon, Nexus  
  66  6:07  Pylon  
  66  6:10  Gateway, Stalker x2  
  70  6:12  Gateway  
  70  6:16  Gateway  
  70  6:21  Stalker  
  71  6:42  Adept x2  
  71  7:10  Pylon  
  71  7:12  Pylon  
  71  7:16  Pylon x2  
  63  7:53  Pylon  
  63  7:57  Pylon  
  57  8:11  Pylon  
  57  8:14  Pylon  
  57  8:20  Probe (Chrono Boost)  
  57  8:22  Probe (Chrono Boost)  
  59  8:34  Nexus  
  59  8:36  Adept x2  
  59  8:37  Adept x3  
  67  8:43  Pylon  
  67  8:45  Pylon  
  61  8:59  Adept x2  
  61  9:00  Adept x3  
  67  9:03  Probe (Chrono Boost)  
  67  9:05  Probe (Chrono Boost)  
  59  9:10  Pylon  
  59  9:13  Pylon, Forge  
  59  9:14  Gateway  
  59  9:15  Adept, Assimilator  
  61  9:28  Adept x2  
  61  9:30  Adept  
  63  9:47  Adept x3  
  63  9:51  Pylon  
  69  9:53  Pylon  
  69  9:55  Gateway  
  69  9:56  Adept x3  
  75  10:09  Twilight Council  
  75  10:11  Probe (Chrono Boost)  
  75  10:12  Probe (Chrono Boost)  
  61  10:30  Stalker  
  61  10:31  Stalker x4  
  61  10:32  Stalker  
  57  10:54  Adept x2  
  57  10:55  Adept x3  
  65  11:01  Probe (Chrono Boost)  
  65  11:03  Probe (Chrono Boost)  
  67  11:15  Adept x2  
  67  11:16  Probe (Chrono Boost)  
  67  11:17  Probe (Chrono Boost)  
  73  11:24  Assimilator  
  73  11:34  Assimilator  
  73  11:35  Probe (Chrono Boost)  
  73  11:36  Probe (Chrono Boost)  
  73  11:38  Adept x3  
  81  11:46  Forge  
  81  11:47  Stalker  
  83  11:57  Probe (Chrono Boost)  
  83  11:59  Probe (Chrono Boost)  
  85  12:03  Adept  
  85  12:05  Pylon  
  85  12:07  Pylon  
  87  12:10  Probe (Chrono Boost)  
  87  12:11  Probe (Chrono Boost)  
  87  12:12  Probe (Chrono Boost)  
  90  12:23  Adept x4  
  90  12:29  Adept  
  96  12:30  Adept  
  98  12:43  Stalker  
  100  12:45  Probe (Chrono Boost)  
  100  12:47  Probe (Chrono Boost)  
  102  12:52  Protoss Ground Weapons Level 1  
  102  12:56  Stalker x4  
  102  13:07  Stalker x2  
  102  13:10  Probe (Chrono Boost)  
  102  13:11  Probe (Chrono Boost)  
  109  13:12  Probe (Chrono Boost)  
  103  13:20  Probe (Chrono Boost)  
  103  13:26  Adept x4  
  106  13:47  Adept x4  
  104  14:05  Adept x2  
  108  14:14  Adept x2  
  111  14:52  Adept x4  
  115  14:53  Adept  
  115  15:18  Adept  
  117  15:30  Pylon  
  117  15:32  Pylon  
  95  15:58  Adept x3  
  95  15:59  Adept x2  
Show
View Real Time Build Order
Export as new Build Order

trav Terran - Winner!

Build Orders: Cyclone Opening 

Get SALT Encoding   

  12  0:01  SCV  
  13  0:13  SCV  
  14  0:17  Supply Depot  
  14  0:25  SCV  
  15  0:39  SCV  
  15  0:40  Barracks  
  16  0:45  Refinery  
  16  0:51  SCV  
  16  0:56  Refinery  
  17  1:03  SCV  
  18  1:15  SCV  
  19  1:27  Orbital Command  
  19  1:28  Marine, Supply Depot  
  20  1:46  Factory  
  20  1:59  SCV  
  21  2:04  Barracks Reactor  
  21  2:13  SCV  
  22  2:18  Supply Depot  
  22  2:25  SCV  
  23  2:30  Barracks  
  23  2:31  Cyclone  
  26  2:39  SCV  
  27  2:45  Marine x2  
  29  2:56  Supply Depot  
  29  3:00  SCV, Engineering Bay  
  30  3:16  Cyclone x2  
  36  3:25  Barracks Reactor  
  36  3:27  Barracks Reactor  
  36  3:31  Missile Turret  
  36  3:36  Missile Turret  
  36  3:46  SCV  
  37  3:59  Command Center  
  36  4:03  Marine x3  
  36  4:04  Marine  
  40  4:16  Starport  
  40  4:21  Marine x2  
  42  4:33  Supply Depot  
  42  4:35  Cyclone  
  45  4:39  Marine x2  
  47  4:54  Supply Depot  
  47  4:55  Marine x2  
  47  4:56  Medivac  
  51  5:21  Marine x3  
  51  5:22  Marine  
  51  5:25  Orbital Command, SCV  
  56  5:38  SCV  
  56  5:39  Marine x2  
  59  5:49  Marine x2  
  61  5:50  SCV  
  61  5:51  Cyclone  
  65  5:57  Marine x2  
  67  6:07  Marine  
  64  6:34  Marine  
  64  6:35  Marine x3  
  64  6:36  Cyclone x2  
  74  6:52  Marine x2  
  76  6:56  Marine x2  
  78  7:10  Marine x2  
  78  7:13  Marine  
  76  7:27  Cyclone  
  76  7:31  Cyclone  
  52  7:55  SCV  
  48  8:03  Marine x4  
  48  8:07  SCV x2  
  46  8:20  SCV  
  46  8:21  Marine  
  47  8:32  SCV  
  48  8:44  SCV  
  45  8:56  SCV  
  45  8:57  Command Center  
  45  8:58  Marine x4  
  45  9:00  Cyclone x2  
  55  9:16  Marine x4  
  59  9:25  Medivac  
  56  9:47  Marine x4  
  60  9:55  SCV  
  61  10:05  Marine x4  
  65  10:07  SCV, Cyclone  
  69  10:20  SCV  
  68  10:22  Marine  
  68  10:23  Marine x3  
  65  10:32  SCV  
  66  10:40  Marine x2  
  66  10:41  Marine x2  
  68  10:44  SCV  
  52  10:58  Marine x3  
  52  10:59  Marine, Cyclone x2  
  52  11:03  Refinery  
  60  11:05  Refinery  
  60  11:09  Orbital Command  
  60  11:16  Marine x4  
  63  11:31  Cyclone x2  
  69  11:34  Marine x2  
  69  11:37  SCV  
  69  11:39  SCV  
  73  11:48  Marine x2  
  73  11:49  SCV  
  73  11:51  SCV  
  73  11:52  Marine x2  
  73  11:53  SCV  
  80  12:01  SCV, Refinery  
  80  12:03  SCV  
  80  12:05  SCV, Medivac  
  80  12:06  Marine x2  
  87  12:13  Marine, SCV  
  87  12:14  Marine  
  87  12:15  SCV  
  91  12:17  SCV  
  92  12:24  Marine  
  93  12:51  Supply Depot  
  93  12:52  Supply Depot  
  93  12:54  Marine x2, SCV  
  93  13:01  Marine x2, Cyclone  
  93  13:04  SCV, Medivac  
  93  13:07  Cyclone  
  93  13:12  Marine  
  93  13:13  SCV x2  
  93  13:19  Marine x2  
  98  13:33  Marine x2  
  100  13:34  Medivac  
  100  13:35  Cyclone  
  100  13:37  Marine x2  
  100  13:39  Cyclone  
  103  13:51  Marine x2  
  101  14:05  SCV  
  102  14:17  SCV  
  102  14:22  SCV  
  104  14:27  Barracks  
  104  14:30  SCV, Barracks  
  105  14:34  SCV  
  105  14:36  Marine x3  
  109  14:43  SCV  
  109  14:44  Marine  
  108  14:47  SCV  
  108  14:54  Marine  
  108  14:55  Barracks  
  108  14:57  Marine  
  108  14:59  Marine  
  109  15:03  Marine  
  109  15:10  SCV x2  
  109  15:12  Cyclone  
  109  15:13  Marine  
  108  15:22  SCV  
  108  15:25  Marine  
  109  15:31  Cyclone  
  109  15:36  Marine  
  109  15:38  Marine  
  109  15:44  Marine x2  
  109  15:45  Marine x2  
Tags
 
Add a new tag
Caveats
  • Supply blocks, unpowered buildings, or Contaminate may cause inaccurate times.
  • Supply counts are checked every 10 seconds.